 Dungeon Crawl Stone Soup version 0.25-a0-98-g0cf78c2f83 (webtiles) character file.

Game seed: 1085983062300058126, levelgen mode: deterministic

30198 Ilves the Peltast (level 13, -8/171 HPs)
             Began as a Hill Orc Fighter on Nov 12, 2019.
             Was an Initiate of Okawaru.
             Mangled by an orc warrior
             ... wielding a +0 battleaxe
             ... led by an orc warlord
              (10 damage)
             ... on level 10 of the Dungeon on Nov 13, 2019.
             The game lasted 00:37:34 (17166 turns).

Ilves the Peltast (Hill Orc Fighter)               Turns: 17166, Time: 00:37:34

Health: -8/171     AC: 23    Str: 25    XL:     13   Next: 50%
Magic:  13/13      EV: 10    Int: 12    God:    Okawaru [......]
Gold:   898        SH: 14    Dex: 14    Spells: 12/12 levels left

rFire    + . .     SeeInvis .   v - +9 mace "Rics" {crush, Int+4}
rCold    . . .     Gourm    .   c - +0 shield
rNeg     . . .     Faith    .   b - +0 scale mail
rPois    .         Spirit   .   C - +0 helmet
rElec    .         Reflect  .   N - +2 cloak
rCorr    .         Harm     .   G - +1 pair of gloves {archery}
MR       .....                  j - +2 pair of boots
Stlth    ..........             M - amulet of magic regeneration
HPRegen  0.38/turn              P - +5 ring of protection
MPRegen  0.38/turn              I - ring of protection from fire

@: berserking, very quick
A: no striking features
a: Renounce Religion


You were on level 10 of the Dungeon.
You worshipped Okawaru.
Okawaru was noncommittal.
You were very hungry.

You visited 3 branches of the dungeon, and saw 16 of its levels.

You collected 1070 gold pieces.
You spent 172 gold pieces at shops.

Inventory:

Hand Weapons
 a - a +0 war axe
 v - the +9 mace "Rics" (weapon) {crush, Int+4}
   (You found it on level 4 of the Dungeon)

   It inflicts extra damage upon your enemies.
   It affects your intelligence (+4).
 O - a +2 war axe of electrocution
Missiles
 D - 6 silver boomerangs (quivered)
Armour
 b - a +0 scale mail (worn)
 c - a +0 shield (worn)
 j - a +2 pair of boots (worn)
 r - a +2 cloak
 C - a +0 helmet (worn)
 G - a +1 pair of gloves of archery (worn)
 N - a +2 cloak (worn)
 W - a +1 plate armour of magic resistance
Jewellery
 B - an uncursed ring of flight
 I - a ring of protection from fire (right hand)
 M - an amulet of magic regeneration (around neck)
 P - a +5 ring of protection (left hand)
 R - a cursed ring of attention {unknown}
 S - an uncursed ring of see invisible {unknown}
Wands
 i - a wand of enslavement (9)
 s - a wand of flame (28)
 y - a wand of iceblast (9)
 E - a wand of polymorph (17)
 J - a wand of disintegration (22)
 T - a wand of paralysis (5)
 U - a wand of digging (6)
Scrolls
 g - 6 scrolls of remove curse
 h - 3 scrolls of enchant armour
 o - 2 scrolls of noise
 p - 9 scrolls of teleportation
 u - a scroll of amnesia
 F - a scroll of immolation
 K - a scroll of holy word
 L - a scroll of blinking
 Q - a scroll of fog
 V - a scroll of random uselessness {unknown}
 X - 2 scrolls of magic mapping
 Y - a scroll of acquirement {unknown}
Potions
 d - 2 potions of might
 e - a potion of berserk rage
 m - 3 potions of flight
 n - a potion of haste
 q - 7 potions of curing
 t - 3 potions of agility
 w - 7 potions of lignification
 x - 2 potions of brilliance
 z - a potion of cancellation
 H - a potion of mutation
Comestibles
 f - 20 rations


   Skills:
 - Level 10.4 Fighting
 - Level 7.1(12.9) Axes
 - Level 14.3(14.7) Maces & Flails
 + Level 7.9 Armour
 - Level 15.0 Shields


You had 12 spell levels left.
You didn't know any spells.
Your spell library contained the following spells:

 Spells                   Type           Power        Failure   Level  Hunger
 Beastly Appendage        Tmut           #.....       56%         1    ##.....
 Confusing Touch          Hex            #.....       56%         1    ##.....
 Magic Dart               Conj           #...         56%         1    ##.....
 Blink                    Tloc           N/A          71%         2    ###....
 Call Imp                 Summ           #.......     71%         2    ###....
 Slow                     Hex            #.......     71%         2    ###....
 Sticks to Snakes         Tmut           #.......     71%         2    ###....
 Confuse                  Hex            #.......     91%         3    ####...
 Conjure Flame            Conj/Fire      #.......     91%         3    ####...
 Gell's Gravitas          Tloc           #.........   91%         3    ####...
 Mephitic Cloud           Conj/Pois/Air  #.......     91%         3    ####...
 Spider Form              Tmut/Pois      #.........   91%         3    ####...
 Ice Form                 Ice/Tmut       #.......     100%        4    #####..
 Petrify                  Tmut/Erth      #.......     100%        4    #####..
 Blade Hands              Tmut           #.........   100%        5    ######.
 Metabolic Englaciation   Hex/Ice        #.........   100%        5    ######.
 Yara's Violent Unravell  Hex/Tmut       #.........   100%        5    ######.


Dungeon Overview and Level Annotations

Branches:
Dungeon (14/15)            Temple (1/1) D:4            Lair (0/6) D:8
    Orc (1/2) D:10         Vaults (0/5) D:13

Altars:
Ashenzari
Cheibriados
Dithmenos
Elyvilon
Fedhas
Gozag
Hepliaklqana
Kikubaaqudgha
Makhleb
Nemelex Xobeh
Okawaru
Qazlal
Ru
Sif Muna
Trog
Uskayaw
Vehumet
Wu Jian
Xom
Yredelemnul
Zin
The Shining One

Shops:
D:10 !   D:11 [   D:12 *

Annotations:
Orc:1 Maurice


Message History

Unknown command.
You thump the orc warlord!
The orc warlord is moderately wounded.
The warg closely misses you. You block the orc warlord's attack.
You block the orc warrior's attack.
You barely miss the orc warlord.
The orc warlord is moderately wounded.
You block the orc's attack. The warg bites you but does no damage.
The orc warrior hits you but does no damage.
The orc warrior hits you with a +0 scimitar.
* * * LOW HITPOINT WARNING * * *
You hit the orc warlord.
The orc warlord is moderately wounded.
You block the orc warlord's attack.
Unknown command.
You barely miss the orc warlord.
The orc warlord is moderately wounded.
The warg closely misses you. You block the orc's attack.
The orc warrior hits you with a +0 battleaxe!
You die...

##..# ##.###.####### ##.#
####...####.....#
##'#####....8....#<....#
#......#.........#....>#
#......#.........#.....#
#......#....)....#.....#
#.......[............(.##
##'###..(...oo.....8.8.8#
#...#..8..o@[..8...⌠.⌠.#
###.##....ooh.....8.∩.8#
#.##.............⌠.⌠.#
#####'###.........##8.8.8#
####.....#.#.........########
##.'.###.#.#.........#
#..#.......#....8....#
#.#############...####
'.##.....#.......##


You could see an orc warlord, a warg, 3 orc warriors and an orc.

Vanquished Creatures
  Azrael (D:12)
  2 hydras
  8 vault guards
  7 two-headed ogres
  2 centaur warriors (D:13)
  An unseen horror (D:13)
  A wolf spider zombie (D:13)
  A cyclops (D:14)
  An ugly thing (D:13)
  A gargoyle (D:12)
  2 trolls
  4 slime creatures (D:12)
  2 hippogriffs
  A spriggan (D:9)
  9 yaks
  A wraith (D:11)
  4 wyverns
  2 basilisks
  4 fire elementals (D:12)
  7 vampire mosquitoes
  A hungry ghost (D:11)
  A water moccasin (D:12)
  An acid dragon (D:13)
  3 hell hounds (D:12)
  2 porcupines (D:8)
  Duvessa (D:7)
  2 ice beasts
  2 sky beasts
  5 orc warriors
  A phantom (D:10)
  5 black bears
  2 necrophages (D:8)
  6 ogres
  15 centaurs
  A big kobold (D:9)
  11 bullfrogs
  A wyvern zombie (D:11)
  Dowan (D:7)
  2 scorpions (D:8)
  13 killer bees
  3 howler monkeys (D:11)
  6 crimson imps
  A bullfrog zombie (D:11)
  5 centaur skeletons
  10 orc priests
  5 hounds
  2 jellies
  Crazy Yiuf (D:7)
  3 centaur zombies
  5 bullfrog skeletons
  18 orc wizards
  6 iguanas
  9 worker ants
  8 ogre zombies (D:10)
  A hound zombie (D:5)
  A howler monkey zombie (D:10)
  A howler monkey skeleton (D:6)
  9 adders
  A shadow imp (D:13)
  2 oozes
  2 adder zombies
  2 worms
  3 dart slugs
  3 leopard geckos
  39 orcs
  4 bats
  5 giant cockroaches
  10 goblins
  5 hobgoblins
  7 jackals
  6 quokkas
  2 ball pythons
  7 frilled lizards
  3 goblin skeletons (D:10)
  2 goblin zombies (D:10)
  A hobgoblin skeleton (D:10)
  4 hobgoblin zombies (D:10)
  14 kobolds
  A leopard gecko skeleton (D:6)
  3 orc skeletons (D:10)
  11 orc zombies (D:10)
  A quokka zombie (D:8)
  3 rats
372 creatures vanquished.

Vanquished Creatures (others)
  6 fungi (D:8)
6 creatures vanquished.

Grand Total: 378 creatures vanquished

Notes
Turn   | Place    | Note
-------+----------+-------------------------------------------
     0 | D:1      | Ilves the Hill Orc Fighter began the quest for the Orb.
     0 | D:1      | Reached XP level 1. HP: 19/19 MP: 1/1
   351 | D:1      | Reached XP level 2. HP: 27/27 MP: 2/2
  1050 | D:2      | Reached XP level 3. HP: 30/34 MP: 3/3
  1427 | D:2      | Found a bloodstained altar of Trog.
  2024 | D:3      | Reached XP level 4. HP: 37/41 MP: 4/4
  2063 | D:3      | Reached skill level 5 in Fighting
  2063 | D:3      | Reached skill level 5 in Axes
  2072 | D:3      | Reached XP level 5. HP: 42/48 MP: 5/5
  2827 | D:4      | Upgraded the game from 0.25-a0-96-g4073cf80fb to
                  | 0.25-a0-98-g0cf78c2f83
  2951 | D:4      | Reached XP level 6. HP: 51/56 MP: 6/6
  3070 | D:4      | Found a staircase to the Ecumenical Temple.
  3141 | D:4      | Found a shadowy altar of Dithmenos.
  3150 | D:4      | Found an ornate altar of the Wu Jian Council.
  3168 | D:4      | Got a fine mace
  3316 | D:4      | Identified the +9 mace "Rics" {crush, Int+4} (You found it
                  | on level 4 of the Dungeon)
  3676 | D:4      | Noticed a black bear
  3682 | D:4      | Killed a black bear
  3682 | D:4      | Reached skill level 1 in Maces & Flails
  3749 | D:5      | Entered Level 5 of the Dungeon
  3795 | D:5      | Reached XP level 7. HP: 62/64 MP: 7/7
  4487 | D:5      | Found a sparkling altar of Nemelex Xobeh.
  4736 | D:6      | Reached skill level 5 in Maces & Flails
  4736 | D:6      | Reached XP level 8. HP: 73/73 MP: 8/8
  5500 | D:7      | Reached XP level 9. HP: 81/81 MP: 9/9
  5697 | D:7      | Found a sand-covered staircase.
  6163 | D:7      | Reached skill level 10 in Maces & Flails
  6266 | D:7      | Noticed Duvessa
  6266 | D:7      | Noticed Dowan
  6294 | D:7      | Killed Duvessa
  6298 | D:7      | Killed Dowan
  6439 | D:7      | Found a runed translucent door.
  6440 | D:7      | Noticed Crazy Yiuf
  6612 | D:7      | Killed Crazy Yiuf
  6667 | D:8      | Found a sacrificial altar of Ru.
  6868 | D:8      | Found a staircase to the Lair.
  6882 | D:8      | Reached XP level 10. HP: 13/91 MP: 10/10
  6895 | D:8      | HP: 6/136 [poisoned by a killer bee]
  6900 | D:8      | HP: 5/136 [poisoned by a killer bee]
  6904 | D:8      | HP: 2/91 [poisoned by a killer bee]
  6910 | D:8      | HP: 3/136 [poisoned by a killer bee]
  7268 | D:8      | Found a flagged portal.
  8161 | D:9      | Noticed a two-headed ogre
  8169 | D:9      | Killed a two-headed ogre
  8314 | D:9      | Found a shattered altar of Ashenzari.
  8321 | D:9      | Noticed a two-headed ogre
  8332 | D:9      | Killed a two-headed ogre
  8480 | D:9      | Reached skill level 10 in Fighting
  8565 | D:9      | Found a white marble altar of Elyvilon.
  9159 | D:10     | Entered Level 10 of the Dungeon
  9190 | D:10     | Noticed a two-headed ogre
  9191 | D:10     | Noticed a two-headed ogre
  9211 | D:10     | Killed a two-headed ogre
  9211 | D:10     | Reached XP level 11. HP: 59/100 MP: 11/11
  9432 | D:10     | Killed a two-headed ogre
  9721 | D:10     | Reached skill level 4 in Shields
  9835 | D:10     | Noticed a two-headed ogre
  9852 | D:10     | Killed a two-headed ogre
  9852 | D:10     | Reached skill level 5 in Shields
 10077 | D:10     | Found a staircase to the Orcish Mines.
 10134 | D:10     | Noticed a two-headed ogre
 10145 | D:10     | Killed a two-headed ogre
 10145 | D:10     | Reached skill level 6 in Shields
 10330 | D:10     | Found Fumunub's Distillery.
 10481 | D:10     | Found a shimmering altar of Xom.
 10622 | D:11     | Noticed an eight-headed hydra
 10635 | D:11     | Killed an eight-headed hydra
 10635 | D:11     | Reached skill level 7 in Shields
 11040 | D:11     | Reached skill level 8 in Shields
 11408 | D:11     | Reached skill level 9 in Shields
 11640 | D:11     | Noticed a two-headed ogre
 11647 | D:11     | Killed a two-headed ogre
 11647 | D:11     | Reached skill level 10 in Shields
 11647 | D:11     | Reached XP level 12. HP: 96/107 MP: 12/12
 11658 | D:11     | Found a burning altar of Makhleb.
 11658 | D:11     | Found Cheibriados's Comfort Zone.
 11659 | D:11     | Found a snail-covered altar of Cheibriados.
 12245 | D:11     | Reached skill level 11 in Shields
 12950 | D:12     | Noticed Azrael
 12959 | D:12     | Reached skill level 12 in Shields
 12996 | D:12     | Killed Azrael
 13553 | D:12     | Found Giutoc's Assorted Antiques.
 13599 | D:12     | Bought a pair of runed gloves for 172 gold pieces
 13893 | D:12     | Noticed an eight-headed hydra
 13903 | D:12     | Killed an eight-headed hydra
 13903 | D:12     | Reached skill level 13 in Shields
 14430 | D:13     | Found a gate to the Vaults.
 14430 | D:13     | Noticed a vault guard
 14430 | D:13     | Noticed a vault guard
 14430 | D:13     | Noticed a vault guard
 14430 | D:13     | Noticed a vault guard
 14430 | D:13     | Noticed a vault guard
 14430 | D:13     | Noticed a vault guard
 14431 | D:13     | Noticed a vault guard
 14431 | D:13     | Noticed a vault guard
 14465 | D:12     | Killed a vault guard
 14643 | D:13     | Reached skill level 14 in Shields
 15018 | D:13     | Killed a vault guard
 15018 | D:13     | Reached XP level 13. HP: 98/114 MP: 13/13
 15030 | D:13     | Killed a vault guard
 15326 | D:13     | Killed a vault guard
 15326 | D:13     | Reached skill level 15 in Shields
 15530 | D:13     | Killed a vault guard
 15722 | D:12     | Killed a vault guard
 15834 | D:13     | Reached skill level 5 in Armour
 15840 | D:13     | Killed a vault guard
 15940 | D:13     | Killed a vault guard
 16860 | Temple   | Entered the Ecumenical Temple
 16977 | Temple   | Became a worshipper of Warmaster Okawaru
 17135 | Orc:1    | Entered Level 1 of the Orcish Mines
 17135 | Orc:1    | Noticed Maurice
 17135 | Orc:1    | Noticed an orc warlord
 17137 | Orc:1    | Noticed an ettin
 17162 | D:10     | HP: 3/171 [orc warrior/+0 scimitar[an orc warlord] (26)]
 17164 | D:10     | HP: 1/171 [orc warrior/+0 scimitar[an orc warlord] (2)]
 17166 | D:10     | Mangled by an orc warrior

Levels and vault maps discovered:
D:1:      enne_arrival_octagon_isle, layout_basic
D:2:      layout_basic, grunt_decor_clamped, fountainhead,
          kennysheep_cluttered_room, bloody_trog
D:3:      layout_loops_ring, first_ration
D:4:      black_bear_nest_1, layout_cave_pods, grunt_temple_overflow_open,
          minmay_temple_entry_offerings, minmay_close_crescents
D:5:      layout_rooms, kennysheep_mini
D:6:      layout_loops_cross
D:7:      layout_rooms, nicolae_ossuary_entry_false_entrances,
          uniq_crazy_yiuf_cottage, uniq_duvessa
D:8:      layout_loops_ring, nicolae_ru_path_of_blood,
          due_lair_maze_entry_diamond, enter_bailey_3
D:9:      layout_stronghold, elyvilon_altar_3, cheibrodos_ashenzari_chains,
          minmay_holes, grunt_pizzeria, roderic_lattice_a
D:10:     layout_roguey, zombieorc2_lemuel, basic_altar, serial_shops,
          nicolae_shop_temple_entry_statues_fountains
D:11:     layout_loops_corners, basic_altar, minmay_shop_chei,
          kennysheep_generic_room_7
D:12:     layout_basic, serial_shops, shop, minivault_1, uniq_azrael
D:13:     layout_rooms, erik_vaults_2, kennysheep_generic_room_3
D:14:     layout_cave_pools, minmay_misc_feat_enclosed, chequers_avenue,
          uniq_jorgrun
Temple:   eino_temple_rhombus
Orc:1:    layout_caves, basic_altar, uniq_maurice

Skill      XL: |  1  2  3  4  5  6  7  8  9 10 11 12 13 |
---------------+----------------------------------------+-----
Fighting       | 4 5 6 7 8 9 10 | 10.4
Axes           | 3 4 5 6 7 |  7.1
Maces & Flails | 2 5 8 11 13 14 | 14.3
Shields        | 10 14 15 | 15.0
Armour         | 7 |  7.9

Action                   |  1- 3 |  4- 6 |  7- 9 | 10-12 | 13-15 || total
-------------------------+-------+-------+-------+-------+-------++-------
Melee: War axe           |   110 |   155 |       |       |       ||   265
       Mace              |       |    21 |   249 |   674 |   174 ||  1118
Evoke: Wand              |       |       |       |     1 |       ||     1
  Use: Potion            |       |       |     1 |     9 |     1 ||    11
       Scroll            |       |       |       |       |    14 ||    14
  Eat: Chunk             |     3 |     6 |    11 |    19 |     6 ||    45
       Ration            |       |       |       |     2 |       ||     2
Armor: Scale mail        |    53 |    95 |   136 |   283 |    52 ||   619
Dodge: Dodged            |    37 |    47 |    74 |   161 |    33 ||   352
Block: Shield            |    45 |    86 |   123 |   289 |   102 ||   645

Table legend:
 A = Non-vault XP
 B = Vault XP
 C = Vault XP percentage of total XP
 D = Non-vault monster count
 E = Vault monster count
 F = Vault count percentage of total count
                 A         B        C        D         E       F
            +---------+---------+-------+---------+---------+-------
      Total |   29918 |   13222 |  30.6 |     298 |      74 |  19.9
            +---------+---------+-------+---------+---------+-------
        D:1 |      21 |       0 |   0.0 |       9 |       0 |   0.0
        D:2 |      46 |       0 |   0.0 |      14 |       0 |   0.0
        D:3 |     153 |       0 |   0.0 |      28 |       0 |   0.0
        D:4 |      86 |     239 |  73.5 |      11 |       5 |  31.2
        D:5 |     542 |       0 |   0.0 |      21 |       0 |   0.0
        D:6 |     568 |       0 |   0.0 |      19 |       0 |   0.0
        D:7 |    1633 |     254 |  13.5 |      33 |       3 |   8.3
        D:8 |    1221 |     924 |  43.1 |      19 |      13 |  40.6
        D:9 |    2650 |     220 |   7.7 |      20 |       1 |   4.8
       D:10 |    4741 |     397 |   7.7 |      18 |      34 |  65.4
       D:11 |    6924 |      36 |   0.5 |      50 |       1 |   2.0
       D:12 |    4154 |    4363 |  51.2 |      27 |      10 |  27.0
       D:13 |    6638 |    6789 |  50.6 |      28 |       7 |  20.0
       D:14 |     541 |       0 |   0.0 |       1 |       0 |   0.0
            +---------+---------+-------+---------+---------+-------
